 Dungeon Crawl Stone Soup version 0.24-a0-309-g1095bcad4c (webtiles) character file.

Game seed: 4175704900287204495

217681 HAL9000 the Black Belt (level 18, 0/157 HPs)
             Began as a Yellow Draconian Transmuter on May 12, 2019.
             Was the Champion of Cheibriados.
             Slain by a seven-headed hydra (18 damage)
             ... on level 4 of the Swamp on May 14, 2019.
             The game lasted 02:14:26 (50542 turns).

HAL9000 the Black Belt (DrTm)                      Turns: 50542, Time: 02:14:26

Health: 0/157      AC:  2    Str: 29    XL:     18   Next: 39%
Magic:  25/31      EV: 34    Int: 34    God:    Cheibriados [******]
Gold:   1616       SH:  2    Dex: 37    Spells: 4/35 levels left

rFire    . . .     SeeInvis .     - Unarmed
rCold    . . .     Gourm    .   (shield currently unavailable)
rNeg     . . .     Faith    .   (armour unavailable)
rPois    .         Spirit   .   (helmet currently unavailable)
rElec    .         Reflect  +   (cloak currently unavailable)
rCorr    .         Harm     .   (gloves currently unavailable)
MR       ++...                  (boots currently unavailable)
Stlth    ++++++....             g - amulet "Teyz" {Reflect Int+4 SH+2}
HPRegen  0.36/turn              o - ring of Jiudyx {MR+ Slay+5}
MPRegen  0.22/turn              x - ring of poison resistance

@: spider-form, very slow
A: tiny, (spit acid), unfitting armour, AC +10
}: 1/15 runes: gossamer
a: End Transformation, Bend Time, Temporal Distortion, Slouch, Step From Time,
Renounce Religion


You were on level 4 of the Swamp.
You worshipped Cheibriados.
Cheibriados was exalted by your worship.
You were hungry.
You were a venomous arachnid creature.
You visited 6 branches of the dungeon, and saw 32 of its levels.
You also visited: Ossuary.

You collected 3826 gold pieces.
You spent 2210 gold pieces at shops.

Inventory:

Hand Weapons
 U - the +0 scimitar "Jeirecku" (melded) {pain, rElec rC+ Str+5}
   (You found it on level 5 of the Lair of Beasts)

   In the hands of one skilled in necromantic magic, it inflicts extra damage on
   living creatures.
   It affects your strength (+5).
   It protects you from cold.
   It insulates you from electricity.
Missiles
 a - 154 arrows
 s - 4 throwing nets
 y - 10 atropa-tipped darts
 E - 5 curare-tipped darts (quivered)
Armour
 n - the +1 cloak "Kaxkosuk" (melded) {Str+4}
   (You bought it in a shop on level 15 of the Dungeon)

   It affects your strength (+4).
 t - a +0 buckler (melded)
 H - a +0 pair of gloves (melded)
 J - a +1 pair of boots (melded)
 M - a +1 hat (melded)
Jewellery
 g - the amulet "Teyz" (around neck) {Reflect Int+4 SH+2}
   (You bought it in a shop on level 2 of the Orcish Mines)

   [amulet of reflection]

   It shields you and reflects attacks.
   It affects your intelligence (+4).
   It affects your SH (+2).
 k - a +3 ring of protection
 o - the ring of Jiudyx (left front leg) {MR+ Slay+5}
   (You bought it in a shop on level 2 of the Orcish Mines)

   [ring of protection from magic]

   It affects your accuracy and damage with ranged weapons and melee attacks
   (+5).
   It affects your resistance to hostile enchantments.
 x - a ring of poison resistance (right front leg)
 L - an uncursed amulet of regeneration
 N - an uncursed amulet of faith
 R - an uncursed ring of protection from fire
Wands
 e - a wand of acid (10)
 h - a wand of polymorph (8)
 z - a wand of iceblast (9)
 G - a wand of digging (6)
 I - a wand of clouds (5)
 P - a wand of flame (27)
 Q - a wand of disintegration (19)
 T - a wand of paralysis (26)
Scrolls
 b - 21 scrolls of remove curse
 d - 17 scrolls of teleportation
 f - 5 scrolls of fog
 i - 8 scrolls of magic mapping
 j - 3 scrolls of identify
 p - a scroll of enchant weapon
 q - 5 scrolls of blinking
 u - 3 scrolls of fear
Potions
 l - 10 potions of heal wounds
 m - 4 potions of curing
 r - 3 potions of might
 v - 5 potions of brilliance
 w - 2 potions of cancellation
 A - 5 potions of flight
 B - 2 potions of magic
 C - 3 potions of resistance
 D - 5 potions of agility
 O - a potion of berserk rage {unknown}
 V - 4 potions of ambrosia
 X - 2 potions of invisibility
Miscellaneous
 F - a phial of floods
 K - a sack of spiders
 W - a fan of gales
Comestibles
 c - 51 rations


   Skills:
 - Level 13.0 Fighting
 + Level 8.7 Dodging
 - Level 12.0 Stealth
 - Level 5.7 Shields
 - Level 15.0 Unarmed Combat
 - Level 9.0 Spellcasting
 - Level 10.1 Hexes
 - Level 10.0 Transmutations
 - Level 7.0 Ice Magic
 - Level 13.0 Invocations
 * Level 9.2 Evocations


You had 4 spell levels left.
You knew the following spells:

 Your Spells              Type           Power        Failure   Level  Hunger
a - Beastly Appendage     Tmut           ######       1%          1    None
b - Sticks to Snakes      Tmut           ######..     1%          2    None
c - Spider Form           Tmut/Pois      #####.....   5%          3    None
d - Blade Hands           Tmut           ######....   6%          5    ###....
e - Yara's Violent Unrav  Hex/Tmut       ######....   6%          5    ###....
f - Petrify               Tmut/Erth      #####...     12%         4    None
g - Metabolic Englaciati  Hex/Ice        ######....   9%          5    ###....
h - Invisibility          Hex            ######..     19%         6    #####..

Your spell library contained the following spells:

 Spells                   Type           Power        Failure   Level  Hunger
 Confusing Touch          Hex            ######       1%          1    None
 Corona                   Hex            ######.      1%          1    None
 Ensorcelled Hibernation  Hex/Ice        ######       1%          2    None
 Slow                     Hex            ######..     1%          2    None
 Confuse                  Hex            ######..     1%          3    None
 Cause Fear               Hex            ######....   3%          4    None
 Ice Form                 Ice/Tmut       ######..     4%          4    None
 Dazzling Spray           Conj/Hex       #####.       5%          3    None
 Inner Flame              Hex/Fire       #####...     5%          3    None
 Portal Projectile        Hex/Tloc       #####.       5%          3    None
 Magic Dart               Conj           ###.         11%         1    None
 Shock                    Conj/Air       ###.         11%         1    None
 Sting                    Conj/Pois      ###.         11%         1    None
 Fulminant Prism          Conj/Hex       #####.....   12%         4    None
 Leda's Liquefaction      Hex/Erth       #####.....   12%         4    None
 Poisonous Vapours        Pois/Air       ###...       13%         2    None
 Searing Ray              Conj           ###...       13%         2    None
 Swiftness                Chrm/Air       ###.....     13%         2    None
 Gell's Gravitas          Tloc           ###.......   22%         3    None
 Mephitic Cloud           Conj/Pois/Air  ###.....     22%         3    None
 Static Discharge         Conj/Air       ###.....     22%         3    None
 Airstrike                Air            ###.......   50%         4    None
 Force Lance              Conj/Tloc      ###.....     50%         4    None
 Iskenderun's Mystic Bla  Conj           ###.....     50%         4    None
 Olgreb's Toxic Radiance  Pois           ###.....     50%         4    None
 Darkness                 Hex            ######....   19%         6    #####..
 Lightning Bolt           Conj/Air       ###.......   82%         5    ###....
 Venom Bolt               Conj/Pois      ###.......   82%         5    ###....
 Freezing Cloud           Conj/Ice/Air   ####......   95%         6    #####..


Dungeon Overview and Level Annotations

Branches:
Dungeon (15/15)            Temple (1/1) D:6            Lair (6/6) D:11
  Swamp (4/4) Lair:3       Spider (4/4) Lair:2        Slime (0/5) Lair:5
    Orc (2/2) D:10            Elf (0/3) Orc:2        Vaults (0/5) D:13
 Depths (0/5) D:15

Altars:
Ashenzari
Cheibriados
Dithmenos
Elyvilon
Fedhas
Gozag
Hepliaklqana
Kikubaaqudgha
Makhleb
Nemelex Xobeh
Okawaru
Qazlal
Ru
Sif Muna
Trog
Uskayaw
Vehumet
Wu Jian
Xom
Yredelemnul
Zin
The Shining One
Beogh

Shops:
D:15 **[   Orc:2 =*((


Innate Abilities, Weirdness & Mutations

((You can spit globs of acid.))
((Your golden yellow scales are hard. (AC +10)))
You cannot fit into any form of body armour.
((You have acidic saliva.))
((You are cold-blooded and may be slowed by cold attacks.))
((You are resistant to acid. (rCorr)))


Message History

The seven-headed hydra misses you.
The seven-headed hydra completely misses you.
The seven-headed hydra misses you.
The seven-headed hydra completely misses you.
The six-headed hydra misses you.
The six-headed hydra completely misses you. x2
You block the six-headed hydra's attack.
The six-headed hydra completely misses you. x2
The spriggan berserker closely misses you.
A swamp drake comes into view.
The swamp drake breathes noxious fumes at you.
The noxious blast engulfs the spriggan berserker but does no damage.
The seven-headed hydra bites you!
* * * LOW HITPOINT WARNING * * *
The seven-headed hydra bites you!
* * * LOW HITPOINT WARNING * * *
The seven-headed hydra completely misses you.
The seven-headed hydra closely misses you.
The seven-headed hydra bites you!!
You die...

♣♣...§....≈..≈≈≈...≈..≈.≈≈≈...
♣♣♣÷÷....♣♣♣≈≈♣♣...≈≈..≈≈≈.≈≈
♣♣.≈.♣♣♣ ♣♣♣♣♣≈..≈≈≈...^.≈≈
#≈≈.# #####♣♣≈≈.≈..♣♣≈≈≈ #§≈.#
##≈.≈##♣♣..♣♣♣♣≈≈≈≈
#.≈.####≈≈≈.≈# ♣♣♣♣≈≈≈≈.≈≈
#..♣.≈##.../.≈♣ ♣♣♣.≈..≈≈≈
#≈.≈♣♣≈§##≈D≈≈♣ ♣≈♣♣≈..≈≈≈
#.≈#####≈.##sD○# ♣≈..≈≈≈≈≈≈
#..# ##§.##i○# ♣≈≈≈..≈≈≈. ≈≈#
##○○#○○# ♣≈≈≈≈≈...♣ .≈
#S○#..k# ♣♣≈≈≈≈≈)..§ #DD#♣.≈#
♣≈≈≈≈≈≈≈≈.♣ #○Dk# §≈#
♣♣≈≈§..≈≈≈♣ #○.○k ≈##
♣≈≈≈≈≈≈≈≈≈. f.≈#♣###
♣♣≈..≈≈≈≈≈≈ .≈.♣# ♣♣♣.≈≈≈≈.♣


You could see a seven-headed hydra, a six-headed hydra, a spriggan berserker and
a swamp drake.

Vanquished Creatures
  Arachne (Spider:3)
  Frances (D:12)
  Kirke (Spider:3)
  4 thorn hunters
  A fire giant (D:15)
  6 emperor scorpions
  A ghost moth (Spider:4)
  An orc warlord (Orc:1)
  A very ugly thing (Swamp:3)
  3 spark wasps (Spider:4)
  6 entropy weavers
  Azrael (Spider:3)
  Snorg (D:12)
  A vault guard (D:13)
  19 hydras
  3 shambling mangroves
  A ghost crab (Swamp:3)
  11 alligators
  7 two-headed ogres
  A centaur warrior (D:14)
  8 death scarabs (Spider:4)
  A queen ant (Spider:2)
  6 orc high priests
  An unseen horror (D:13)
  A wizard (D:15)
  10 swamp dragons
  4 spriggan druids
  16 orb spiders
  37 wolf spiders
  6 orc knights
  5 spectral wolf spiders (Spider:4)
  An ugly thing (D:11)
  4 manticores
  A cyclops (D:15)
  4 elephants (Lair:6)
  3 orc sorcerers (Orc:1)
  5 moths of wrath
  4 black mambas
  The ghost of temitten the Slasher, a novice BaMo (D:6)
  2 centaur zombies
  3 gargoyles
  33 spiny frogs
  2 torpor snails
  6 rime drakes
  A kobold demonologist (D:8)
  16 demonic crawlers
  2 komodo dragons (Lair:2)
  5 spectral redbacks (Spider:4)
  A redback zombie (Spider:4)
  3 trolls
  A tengu conjurer (D:15)
  3 meliai
  42 jumping spiders
  A queen bee (D:11)
  8 tyrant leeches
  3 polar bears
  12 hornets
  Prince Ribbit (D:7)
  2 spectral jumping spiders (Spider:4)
  2 tarantella zombies (Spider:4)
  8 bog bodies
  A jumping spider zombie (Spider:4)
  15 hippogriffs
  A dream sheep (Lair:3)
  6 spectral tarantellas (Spider:4)
  23 blink frogs
  23 slime creatures
  A centaur simulacrum (D:14)
  10 spriggans
  A vampire (D:15)
  63 redbacks
  34 tarantellas
  3 hogs (Spider:3)
  3 wraiths
  4 shadows
  11 wyverns
  11 humans (D:13)
  58 yaks
  8 basilisks
  3 fire elementals (Spider:3)
  21 vampire mosquitoes
  Grum (Lair:1)
  3 wargs
  9 insubstantial wisps
  9 swamp worms
  2 acid dragons
  14 water moccasins
  6 hell hounds
  19 soldier ants
  3 spectral hornets (Spider:4)
  63 orc warriors
  15 porcupines
  5 sky beasts
  8 swamp drakes
  4 black bears
  4 phantoms
  A hornet zombie (Spider:4)
  4 ice beasts
  An eye of draining (D:12)
  16 ogres
  8 centaurs
  31 wolves
  14 crocodiles
  A big kobold (D:13)
  21 bullfrogs
  3 elf zombies (Ossuary)
  3 wyvern zombies
  6 scorpions
  9 wights (D:15)
  28 killer bees
  3 howler monkeys
  3 electric eels
  4 crimson imps
  A bullfrog zombie (D:6)
  10 hounds
  7 jellies
  40 orc priests
  4 bullfrog skeletons
  33 orc wizards
  Crazy Yiuf (D:7)
  2 human zombies (Ossuary)
  5 centaur skeletons
  5 iguanas
  18 worker ants
  A killer bee zombie (D:8)
  2 big kobold zombies (Ossuary)
  A hound zombie (Ossuary)
  3 mummies (Ossuary)
  2 worker ant zombies
  6 gnolls
  A howler monkey skeleton (D:7)
  17 adders
  A river rat (D:5)
  4 shadow imps
  2 oozes
  2 adder skeletons
  3 adder zombies
  3 worms
  3 dart slugs
  4 leopard geckos
  113 orcs
  7 bats
  7 giant cockroaches
  3 gnoll zombies (Ossuary)
  3 hobgoblins (D:1)
  22 jackals
  3 quokkas
  2 ball pythons
  6 frilled lizards
  7 goblins
  6 goblin zombies (Ossuary)
  2 hobgoblin zombies (Ossuary)
  2 jackal zombies (Ossuary)
  6 kobolds
  5 kobold zombies (Ossuary)
  2 quokka skeletons (D:5)
  6 quokka zombies (Ossuary)
  2 rats
  3 rat zombies (Ossuary)
  3 briar patches
1358 creatures vanquished.

Vanquished Creatures (collateral kills)
  3 hydras
  A black mamba (Lair:3)
  5 blink frogs (Lair:4)
  A slime creature (Swamp:2)
  A vampire mosquito (Swamp:2)
  2 insubstantial wisps
  A swamp drake (Swamp:4)
  An ogre (D:4)
15 creatures vanquished.

Vanquished Creatures (others)
  A human (Spider:3)
  9 bushes
  19 fungi
  65 plants
94 creatures vanquished.

Grand Total: 1467 creatures vanquished

Notes
Turn   | Place    | Note
-------+----------+-------------------------------------------
     0 | D:1      | HAL9000 the Draconian Transmuter began the quest for the
                  | Orb.
     0 | D:1      | Reached XP level 1. HP: 16/16 MP: 3/3
   221 | D:1      | Reached XP level 2. HP: 18/23 MP: 3/5
   235 | D:1      | Learned a level 2 spell: Sticks to Snakes
   805 | D:2      | Reached XP level 3. HP: 16/28 MP: 2/6
   853 | D:2      | Reached skill level 4 in Unarmed Combat
  1128 | D:2      | Found a hide-covered altar of Uskayaw.
  1206 | D:2      | Found a sparkling altar of Nemelex Xobeh.
  1531 | D:2      | Reached XP level 4. HP: 32/35 MP: 7/7
  1543 | D:2      | Learned a level 3 spell: Spider Form
  2260 | D:3      | Found an iron altar of Okawaru.
  2283 | D:3      | Reached XP level 5. HP: 31/40 MP: 8/8
  2350 | D:3      | Reached skill level 5 in Unarmed Combat
  2432 | D:4      | Noticed an ogre
  2440 | D:4      | Killed an ogre
  2499 | D:4      | Noticed an ogre
  2511 | D:4      | Killed an ogre
  2511 | D:4      | Reached XP level 6. HP: 47/47 MP: 9/9
  2545 | D:4      | Reached skill level 6 in Unarmed Combat
  2937 | D:4      | Found a burning altar of Makhleb.
  3017 | D:4      | Your scales start taking on a golden yellow colour.
  3017 | D:4      | Reached XP level 7. HP: 49/52 MP: 10/10
  3017 | D:4      | Gained mutation: You are resistant to acid. (rCorr) [Yellow
                  | Draconian growth]
  3042 | D:4      | Reached skill level 7 in Unarmed Combat
  3042 | D:4      | Reached skill level 5 in Transmutations
  3815 | D:4      | Reached XP level 8. HP: 41/59 MP: 11/11
  4164 | D:5      | Entered Level 5 of the Dungeon
  4195 | D:5      | Reached skill level 8 in Unarmed Combat
  4239 | D:5      | Learned a level 5 spell: Blade Hands
  5293 | D:6      | Reached skill level 9 in Unarmed Combat
  5315 | D:6      | Found a staircase to the Ecumenical Temple.
  5326 | Temple   | Entered the Ecumenical Temple
  5427 | Temple   | Became a worshipper of Cheibriados the Contemplative
  5533 | D:6      | Found an ornate altar of the Wu Jian Council.
  5542 | D:6      | Found a shimmering altar of Xom.
  6271 | D:6      | Found a runed translucent door.
  6272 | D:6      | Noticed temitten's ghost (novice BaMo)
  6278 | D:6      | Killed temitten's ghost
  6278 | D:6      | Reached * piety under Cheibriados
  6278 | D:6      | Reached skill level 10 in Unarmed Combat
  6278 | D:6      | Reached XP level 9. HP: 52/64 MP: 12/12
  7272 | D:7      | Noticed Prince Ribbit
  7285 | D:7      | Killed Prince Ribbit
  7293 | D:7      | Reached skill level 11 in Unarmed Combat
  7389 | D:7      | Found a runed translucent door.
  7390 | D:7      | Noticed Crazy Yiuf
  7440 | D:7      | Killed Crazy Yiuf
  7672 | D:7      | Found a blossoming altar of Fedhas.
  7685 | D:7      | Reached ** piety under Cheibriados
  8135 | D:8      | Found a sacrificial altar of Ru.
  8223 | D:8      | Found a shimmering altar of Xom.
  8345 | D:8      | Found a sand-covered staircase.
  8352 | Ossuary  | Entered an ossuary
  8443 | Ossuary  | Reached XP level 10. HP: 68/73 MP: 3/13
  8761 | Ossuary  | Reached *** piety under Cheibriados
  8896 | D:8      | Found a deep blue altar of Sif Muna.
  8916 | D:8      | You fall through a shaft!
  9283 | D:8      | Reached skill level 12 in Unarmed Combat
  9534 | D:9      | Reached **** piety under Cheibriados
  9888 | D:9      | Reached skill level 10 in Transmutations
  9905 | D:9      | Reached skill level 1 in Invocations
 10314 | D:9      | Noticed a two-headed ogre
 10322 | D:9      | Killed a two-headed ogre
 10322 | D:9      | Reached skill level 5 in Invocations
 10415 | D:9      | Noticed a manticore
 10498 | D:9      | Reached XP level 11. HP: 83/83 MP: 10/15
 10739 | D:9      | Reached ***** piety under Cheibriados
 10845 | D:10     | Entered Level 10 of the Dungeon
 10845 | D:10     | Noticed a two-headed ogre
 10857 | D:10     | Killed a two-headed ogre
 11246 | D:10     | Reached skill level 5 in Fighting
 11909 | D:10     | Paralysed by a hornet for 1 turns
 12046 | D:10     | Found a staircase to the Orcish Mines.
 12062 | D:10     | Found a roughly hewn altar of Beogh.
 13157 | D:11     | Reached skill level 10 in Invocations
 13310 | D:11     | Noticed a cyan ugly thing
 13404 | D:11     | Noticed a two-headed ogre
 13413 | D:11     | Killed a two-headed ogre
 13586 | D:11     | Killed a cyan ugly thing
 13893 | D:11     | Reached XP level 12. HP: 91/100 MP: 20/20
 13971 | D:11     | Found a staircase to the Lair.
 14438 | D:11     | Found a roughly hewn altar of Beogh.
 15003 | Lair:1   | Entered Level 1 of the Lair of Beasts
 15004 | Lair:1   | Noticed Grum
 15016 | Lair:1   | Killed Grum
 16473 | Lair:2   | Reached skill level 10 in Fighting
 16511 | Lair:2   | Noticed an eight-headed hydra
 16595 | Lair:2   | You fall through a shaft!
 16916 | Lair:2   | Reached XP level 13. HP: 114/114 MP: 22/22
 17001 | Lair:2   | Found a hole to the Spider Nest.
 17224 | Lair:2   | HP: 2/114 [eight-headed hydra (6)]
 17934 | Lair:3   | Reached skill level 5 in Dodging
 18101 | Lair:3   | Found a staircase to the Swamp.
 19419 | Lair:4   | Learned a level 5 spell: Yara's Violent Unravelling
 19502 | Lair:4   | Reached skill level 1 in Hexes
 20787 | Lair:5   | Reached skill level 5 in Spellcasting
 20991 | Lair:5   | Learned a level 4 spell: Petrify
 21055 | Lair:5   | Found a staircase to the Slime Pits.
 21068 | Lair:5   | Got a warped scimitar
 21069 | Lair:5   | Identified the cursed +0 scimitar "Jeirecku" {pain, rElec
                  | rC+ Str+5} (You found it on level 5 of the Lair of Beasts)
 21431 | Lair:6   | Entered Level 6 of the Lair of Beasts
 21638 | Lair:6   | Gained mutation: You have acidic saliva. [Yellow Draconian
                  | growth]
 21638 | Lair:6   | Reached XP level 14. HP: 114/124 MP: 19/23
 22412 | Lair:6   | Reached skill level 5 in Hexes
 22657 | Lair:6   | Learned a level 5 spell: Metabolic Englaciation
 23749 | Lair:6   | Got a fine robe
 23762 | Lair:6   | Reached skill level 1 in Stealth
 24275 | Orc:1    | Entered Level 1 of the Orcish Mines
 24468 | Orc:1    | Noticed an orc warlord
 24476 | Orc:1    | Killed an orc warlord
 24993 | Orc:1    | Reached ****** piety under Cheibriados
 25366 | Orc:1    | Found a roughly hewn altar of Beogh.
 26174 | Orc:2    | Entered Level 2 of the Orcish Mines
 26174 | Orc:2    | Found a roughly hewn altar of Beogh.
 26514 | Orc:2    | Found a staircase to the Elven Halls.
 27681 | Orc:2    | Reached skill level 5 in Stealth
 27821 | Orc:2    | Reached XP level 15. HP: 61/130 MP: 26/28
 28117 | Orc:2    | Found Zeatapn's Weapon Shoppe.
 28120 | Orc:2    | Found Coddir Tou's General Store.
 28121 | Orc:2    | Found Nogeacy's Weapon Shoppe.
 28122 | Orc:2    | Found Rahiehoh's Jewellery Shoppe.
 28138 | Orc:2    | Bought a scroll of blinking for 75 gold pieces
 28178 | Orc:2    | Bought the amulet "Teyz" {Reflect Int+4 SH+2} for 343 gold
                  | pieces
 28180 | Orc:2    | Bought the ring of Jiudyx {MR+ Slay+5} for 795 gold pieces
 28427 | Lair:1   | Identified a scroll of acquirement
 28427 | Lair:1   | Identified the Collected Works on Feathery Bewitchment (You
                  | acquired it on level 1 of the Lair of Beasts)
 28535 | D:12     | Noticed Snorg
 28546 | D:12     | Killed Snorg
 28585 | D:12     | Noticed Frances
 28591 | D:12     | Killed Frances
 29640 | D:13     | Found a gate to the Vaults.
 30725 | D:15     | Entered Level 15 of the Dungeon
 30725 | D:15     | Found Rocilil's Antique Armour Shoppe.
 30793 | D:15     | Bought a blackened cloak for 247 gold pieces
 30793 | D:15     | Bought a pair of embroidered boots for 195 gold pieces
 30803 | D:15     | Identified the +1 cloak "Kaxkosuk" {Str+4} (You bought it
                  | in a shop on level 15 of the Dungeon)
 31003 | D:15     | Found a staircase to the Depths.
 31003 | D:15     | Noticed a fire giant
 31352 | D:15     | Found Reth's General Store.
 31359 | D:15     | Bought a potion of heal wounds for 60 gold pieces
 31757 | D:15     | Found Siraphal's Assorted Antiques.
 31772 | D:15     | Bought a scroll of teleportation for 78 gold pieces
 31772 | D:15     | Bought a buckler for 117 gold pieces
 31909 | D:15     | Reached skill level 10 in Hexes
 31976 | D:15     | Killed a fire giant
 32303 | D:15     | Reached skill level 1 in Shields
 32653 | Spider:1 | Entered Level 1 of the Spider Nest
 33483 | Orc:2    | Bought an uncursed ring of poison resistance for 300 gold
                  | pieces
 33872 | Spider:1 | Reached skill level 5 in Shields
 34440 | Spider:1 | Got a crystal rapier
 34468 | Spider:1 | Identified the +11 rapier of Reapportionment {pierce, rElec
                  | Str+2} (You found it on level 1 of the Spider Nest)
 34604 | Spider:1 | Reached XP level 16. HP: 135/137 MP: 24/29
 35569 | Spider:1 | Reached skill level 10 in Stealth
 36031 | Spider:2 | Reached skill level 13 in Unarmed Combat
 37039 | Spider:3 | Noticed Azrael
 37237 | Spider:3 | Reached skill level 14 in Unarmed Combat
 37374 | Spider:3 | Noticed Kirke
 37383 | Spider:3 | Killed Kirke
 37973 | Spider:3 | Noticed Arachne
 37986 | Spider:3 | Killed Arachne
 38335 | Spider:3 | Killed Azrael
 38770 | Spider:3 | Reached skill level 15 in Unarmed Combat
 38946 | Spider:4 | Entered Level 4 of the Spider Nest
 40198 | Spider:4 | Reached XP level 17. HP: 73/146 MP: 26/30
 42238 | Spider:4 | Reached skill level 1 in Ice Magic
 43063 | Spider:4 | Reached skill level 5 in Ice Magic
 43289 | Spider:4 | Upgraded the game from 0.24-a0-307-gf989941d98 to
                  | 0.24-a0-309-g1095bcad4c
 43318 | Spider:4 | Got a gossamer rune of Zot
 43578 | Lair:1   | Learned a level 4 spell: Ice Form
 43766 | Swamp:1  | Entered Level 1 of the Swamp
 43769 | Swamp:1  | Reached skill level 1 in Evocations
 44914 | Swamp:2  | Learned a level 6 spell: Invisibility
 44922 | Swamp:2  | Reached skill level 5 in Evocations
 46739 | Swamp:3  | Reached XP level 18. HP: 101/157 MP: 27/31
 48096 | Swamp:3  | Got a polished helmet
 48097 | Swamp:3  | Identified the +1 helmet "Rottomp" {rElec Dex+5} (You found
                  | it on level 3 of the Swamp)
 48128 | Swamp:4  | Entered Level 4 of the Swamp
 50542 | Swamp:4  | Slain by a seven-headed hydra

Levels and vault maps discovered:
D:1:      onia_arrival_pyramid, layout_basic
D:2:      layout_loops_ring, marbit_many_paths, nrook_loot_triangle,
          st_stairs_7, nemelex_diamond_rough_becter
D:3:      layout_loops_ring, okawaru_metal_pillars_1_2
D:4:      layout_basic, first_ration, makhleb_blood_cavern_becter
D:5:      layout_basic, gup_sewer_entry_bubbles
D:6:      layout_basic, grunt_temple_overflow_open,
          minmay_temple_entry_large_hall, gammafunk_ghost_grave
D:7:      wad_river_or_something, layout_basic, grunt_ogre_cave,
          wad_floor_pattern_untrapped, fedhas_altar_2, uniq_crazy_yiuf_cottage,
          uniq_prince_ribbit1
D:8:      layout_loops_cross, overflow_temple_1_default, led_sif_pool,
          nicolae_ossuary_entry_plus, basic_altar
D:9:      minmay_clustersquares, layout_gridville
D:10:     layout_gridville, minmay_orc_entry_temple_small, st_stairs_1
D:11:     layout_layer_cave, minmay_lair_entry_grove, special_room
          [special_room_orc], minivault_7
D:12:     layout_basic, uniq_snorg, uniq_frances
D:13:     layout_cross, ximxim_vaults_locker_room
D:14:     layout_gridville, minmay_misc_feat_tiny
D:15:     grunt_enter_depths_giant_problem, layout_loops_ring, minivault_27,
          serial_shops, nicolae_shop_overgrown_old_shop, shop,
          nicolae_shop_temple_entry_statues_fountains
Temple:   minmay_temple_bridge_d
Lair:1:   layout_chaotic_city, st_stairs_9, minmay_holes, beast_lair_carwin_3,
          uniq_grum
Lair:2:   layout_misc_corridors, spider_nest_entry_rubble
Lair:3:   layout_gridlike, skrybe_swamp_entry_bodies,
          hangedman_lair_generics_rect, infiniplex_staircase_pool
Lair:4:   layout_misc_corridors
Lair:5:   layout_roguey [special_room_mythical_zoo], slime_dummy,
          chequers_serial_rivers_room_a, infiniplex_staircase_pool_2,
          grunt_megastairs_2
Lair:6:   minmay_lair_end_frog_pond, layout_regular_city
Swamp:1:  layout_basic_swamp, hangedman_swamp_ruin_hall
Swamp:2:  layout_falls_marsh, evilmike_swamp_ruin_house_1
Swamp:3:  layout_basic_swamp, serial_swamp_ruin, evilmike_swamp_ruin_house_4,
          hangedman_swamp_ruin_wall, evilmike_swamp_ruin_rubble_1,
          nicolae_swamp_hydra_murder_den
Swamp:4:  swamp_basic_johnstein, layout_basic_swamp, nicolae_swamp_spriggan_camp
Spider:1: nicolae_spider_mines_3
Spider:2: layout_spider_delve, zaba_antful_of_joy,
          hangedman_spider_tarantella_strand
Spider:3: layout_spider_delve, nicolae_spider_webs_and_nodes, uniq_azrael,
          uniq_arachne, uniq_kirke
Spider:4: floodkiller_spider_rune_tomb, nicolae_spider_cling_ruins
Orc:1:    orc_temple, layout_diamond_mine
Orc:2:    st_orc_pillars, layout_caves, basic_altar

Skill      XL: |  1  2  3  4  5  6  7  8  9 10 11 12 13 14 15 16 17 18 |
---------------+-------------------------------------------------------+-----
Unarmed Combat | 4 5 6 7 10 11 12 15 | 15.0
Transmutations | 3 4 6 7 9 10 | 10.0
Fighting       | 2 3 7 10 11 12 13 | 13.0
Invocations    | 5 10 13 | 13.0
Dodging        | 3 6 8 |  8.7
Hexes          | 4 8 10 | 10.1
Spellcasting   | 6 9 |  9.0
Stealth        | 5 9 11 12 | 12.0
Shields        | 5 |  5.7
Ice Magic      | 7 |  7.0
Evocations     | 7 9 |  9.2

Action                   |  1- 3 |  4- 6 |  7- 9 | 10-12 | 13-15 | 16-18 || total
-------------------------+-------+-------+-------+-------+-------+-------++-------
Melee: Unarmed           |    89 |   121 |   375 |   497 |   838 |   698 ||  2618
       Kick              |     8 |       |       |     2 |       |       ||    10
       Tailslap          |     6 |     5 |    24 |    89 |   167 |   162 ||   453
       Headbutt          |     5 |     3 |     1 |       |       |       ||     9
       Punch             |       |     1 |    12 |    47 |    81 |    63 ||   204
       Scimitar          |       |       |       |       |    13 |    17 ||    30
       Bite              |       |       |       |       |    93 |   115 ||   208
Throw: Throwing net      |       |       |       |     1 |       |       ||     1
 Cast: Beastly Appendage |    23 |     8 |     2 |     1 |       |       ||    34
       Sticks to Snakes  |     4 |     2 |     4 |       |    66 |    41 ||   117
       Spider Form       |       |    10 |    20 |       |    10 |     6 ||    46
       Blade Hands       |       |       |    14 |    58 |   134 |   128 ||   334
       Petrify           |       |       |       |       |    10 |    17 ||    27
       Metabolic Englaci |       |       |       |       |     3 |     2 ||     5
       Invisibility      |       |       |       |       |       |     2 ||     2
       Ice Form          |       |       |       |       |       |     1 ||     1
Invok: Slouch            |       |       |       |     9 |    14 |    12 ||    35
       Step From Time    |       |       |       |       |     3 |     2 ||     5
       Bend Time         |       |       |       |       |     1 |       ||     1
 Abil: End Transformatio |       |     7 |    14 |    14 |    28 |    27 ||    90
       Breathe Acid      |       |       |    10 |     8 |    12 |     5 ||    35
Evoke: Phial of floods   |       |       |       |     1 |       |       ||     1
       Fan of gales      |       |       |       |       |     1 |       ||     1
  Use: Potion            |       |     1 |       |       |     2 |     2 ||     5
       Scroll            |       |       |    10 |     5 |    24 |     7 ||    46
 Stab: Sleeping          |     2 |       |     4 |     3 |     3 |     5 ||    17
       Distracted        |       |       |     1 |       |     3 |     3 ||     7
       Petrified         |       |       |       |       |     6 |     7 ||    13
       Held in net/web   |       |       |       |       |     1 |       ||     1
       Invisible         |       |       |       |       |       |     2 ||     2
       Confused          |       |       |       |       |       |     1 ||     1
  Eat: Chunk             |     3 |     6 |    24 |    30 |    48 |    15 ||   126
       Ration            |       |       |       |     3 |     3 |     7 ||    13
Armor: Skin              |    27 |    49 |    96 |   165 |   283 |   267 ||   887
Dodge: Dodged            |    52 |    87 |   235 |   304 |   947 |   860 ||  2485
Block: Other             |       |       |       |       |    26 |    47 ||    73
       Buckler           |       |       |       |       |     9 |    64 ||    73
       Reflection        |       |       |       |       |       |     2 ||     2
       Rpst.: Scimitar   |       |       |       |       |    16 |    11 ||    27

Table legend:
 A = Non-vault XP
 B = Vault XP
 C = Vault XP percentage of total XP
 D = Non-vault monster count
 E = Vault monster count
 F = Vault count percentage of total count
                 A         B        C        D         E       F
            +---------+---------+-------+---------+---------+-------
      Total |  200707 |  123497 |  38.1 |     884 |     486 |  35.5
            +---------+---------+-------+---------+---------+-------
        D:1 |      25 |       0 |   0.0 |      14 |       0 |   0.0
        D:2 |     124 |       8 |   6.1 |      22 |       2 |   8.3
        D:3 |      48 |       0 |   0.0 |      17 |       0 |   0.0
        D:4 |    1266 |      45 |   3.4 |      30 |       1 |   3.2
        D:5 |     455 |      50 |   9.9 |      22 |       7 |  24.1
        D:6 |     650 |     432 |  39.9 |      23 |       1 |   4.2
        D:7 |     732 |     727 |  49.8 |      18 |      10 |  35.7
        D:8 |    2605 |       0 |   0.0 |      28 |       0 |   0.0
        D:9 |    3714 |     982 |  20.9 |      36 |       8 |  18.2
       D:10 |    5010 |     680 |  12.0 |      43 |      10 |  18.9
       D:11 |    4350 |    4537 |  51.1 |      22 |      58 |  72.5
       D:12 |    3498 |    3451 |  49.7 |      23 |       2 |   8.0
       D:13 |    5313 |    3214 |  37.7 |      24 |      12 |  33.3
       D:14 |    4424 |       0 |   0.0 |      23 |       0 |   0.0
       D:15 |    8252 |    1766 |  17.6 |      36 |       1 |   2.7
     Lair:1 |    6175 |    1339 |  17.8 |      32 |      11 |  25.6
     Lair:2 |    7145 |     748 |   9.5 |      26 |       2 |   7.1
     Lair:3 |    3661 |    2691 |  42.4 |      14 |       7 |  33.3
     Lair:4 |    4866 |       0 |   0.0 |      25 |       0 |   0.0
     Lair:5 |    4553 |    6854 |  60.1 |      19 |      27 |  58.7
     Lair:6 |    7000 |   12661 |  64.4 |      24 |      48 |  66.7
    Swamp:1 |   12177 |       0 |   0.0 |      29 |       0 |   0.0
    Swamp:2 |   10991 |       0 |   0.0 |      30 |       0 |   0.0
    Swamp:3 |   16131 |    5045 |  23.8 |      37 |       8 |  17.8
    Swamp:4 |   13791 |    5808 |  29.6 |      26 |      13 |  33.3
   Spider:1 |   17515 |    3082 |  15.0 |      38 |      10 |  20.8
   Spider:2 |   16297 |    7468 |  31.4 |      49 |      36 |  42.4
   Spider:3 |   13639 |    8659 |  38.8 |      41 |      11 |  21.2
   Spider:4 |   21473 |   36049 |  62.7 |      52 |      70 |  57.4
      Orc:1 |    2533 |    6245 |  71.1 |      28 |      28 |  50.0
      Orc:2 |    2294 |   10422 |  82.0 |      33 |      63 |  65.6
    Ossuary |       0 |     534 | 100.0 |       0 |      40 | 100.0
            +---------+---------+-------+---------+---------+-------
